 Dungeon Crawl Stone Soup version 0.30.1-3-gfc49f6343a (webtiles) character file.

Game seed: 1226135592665501514

110884 MiracleSuffusion the Bludgeoner (level 16, -19/165 HPs)
             Began as a Minotaur Berserker on July 18, 2023.
             Was an Elder of Trog.
             Killed by an exploding blink frog (27 damage)
             ... ignited by their inner flame
             ... on level 5 of the Lair of Beasts on July 19, 2023.
             The game lasted 02:48:11 (24293 turns).

MiracleSuffusion the Bludgeoner (MiBe)             Turns: 24293, Time: 02:48:11

Health: -19/165    AC: 23    Str: 28    XL:     16   Next: 8%
Magic:  15/15      EV:  9    Int:  4    God:    Trog [****..]
Gold:   2002       SH:  5    Dex: 12    Spells: 15/15 levels left

rFire   . . .        j - +4 great mace (heavy)
rCold   . . .        (shield currently unavailable)
rNeg    . . .        S - +3 plate armour
rPois   .            (helmet restricted)
rElec   .            (no cloak)
rCorr   .            (no gloves)
SInv    +            A - +2 pair of boots
Will    +....        W - amulet of reflection Stlth
                     o - +4 ring of slaying
HPRegen 0.47/turn    q - ring of see invisible
MPRegen 0.14/turn

%: reflection
@: lethally poisoned (-19 -> -65), slowed, very slow
A: horns 2, retaliatory headbutt
a: Renounce Religion, Berserk, Trog's Hand, Brothers in Arms


You were on level 5 of the Lair of Beasts.
You worshipped Trog.
Trog was greatly pleased with you.
You visited 3 branches of the dungeon, and saw 19 of its levels.
You also visited: Volcano.

You collected 2173 gold pieces.
You spent 171 gold pieces at shops.

Inventory:

Hand Weapons
 e - a +2 dire flail of protection
 j - a +4 heavy great mace (weapon)
 m - a +3 demon whip of venom
 p - the +4 morningstar "Undertaker" {heavy, Will- Int+3 Dex+2}
   (You bought it in a shop on level 10 of the Dungeon)

   Int:       It affects your intelligence (+3).
   Dex:       It affects your dexterity (+2).
   Will:      It decreases your willpower.
 r - a +4 battleaxe of electrocution
 y - a +0 vampiric battleaxe
Missiles
 n - 189 stones (quivered)
 t - 6 throwing nets
Armour
 s - a +1 plate armour of positive energy
 A - a +2 pair of boots (worn)
 I - a +0 scale mail of cold resistance
 S - a +3 plate armour (worn)
Jewellery
 d - a ring of fire
 g - an amulet of the acrobat
 i - a ring of protection from cold
 o - a +4 ring of slaying (left hand)
 q - a ring of see invisible (right hand)
 x - a ring of poison resistance
 K - a ring of ice
 V - a ring of ice
 W - an amulet of reflection (around neck)
 X - an amulet of faith
Wands
 b - a wand of iceblast (7)
 w - a wand of mindburst (9)
 B - a wand of quicksilver (6)
 J - a wand of flame (27)
Scrolls
 c - 2 scrolls of poison
 l - 2 scrolls of magic mapping
 E - 2 scrolls of identify
 G - a scroll of immolation
 N - a scroll of brand weapon
Potions
 f - 8 potions of flight
 h - a potion of might
 u - 2 potions of berserk rage
 z - a potion of magic
 C - 6 potions of curing
Miscellaneous
 k - a box of beasts (inert)


   Skills:
 - Level 20.3 Fighting
 - Level 20.6 Maces & Flails
 * Level 15.5 Armour
 - Level 2.1 Dodging


You had 15 spell levels left.
You didn't know any spells.
Your spell library was empty.

Dungeon Overview and Level Annotations

Branches:
Dungeon (12/15)            Temple (0/1) D:5            Lair (5/5) D:10
  Swamp (0/4) Lair:3        Snake (0/4) Lair:2        Slime (0/5) Lair:5
    Orc (2/2) D:12            Elf (0/3) Orc:2       Volcano (visited)

Altars:
Ashenzari
Gozag
Hepliaklqana
Vehumet
Xom
The Shining One

Shops:
D:6 =   D:10 (   Orc:2 (?:[

Annotations:
Lair:5 Kirke


Innate Abilities, Weirdness & Mutations

You have a pair of horns on your head.
You reflexively headbutt those who attack you in melee.


Message History

The blink frog closely misses you. You furiously retaliate!
You headbutt the blink frog!
You kill the blink frog!
Trog accepts your kill. The cane toad stings you!
* * * LOW HITPOINT WARNING * * *
You are more poisoned.
The cane toad poisons you!
The wyvern is engulfed in poison gas.
The wyvern looks as sick as possible!
The wyvern is engulfed in poison gas.
The wyvern looks as sick as possible!
The wyvern bites you but does no damage.
You block the hornet's attack.
The blink frog is engulfed in poison gas.
The blink frog looks as sick as possible!
The blink frog hits you but does no damage.
The komodo dragon bites you but does no damage.
The cane toad stings you!
* * * LOW HITPOINT WARNING * * *
You are more poisoned.
The cane toad poisons you!
The blink frog is engulfed in poison gas.
The blink frog is poisoned.
Okay, then.
Really read the scroll of immolation?
As you read the scroll of immolation, it crumbles to dust.
The creatures around you are filled with an inner flame!
* * * LOW HITPOINT WARNING * * *
You feel extremely sick.
Flame seeps out of the wyvern.
Trog accepts your kill.
Flame seeps out of the wyvern. x2; A nearby plant withers and dies.
Flame seeps out of the blink frog. x2
The wyvern explodes!
The fiery explosion engulfs the hornet!!
Trog accepts your kill.
The fiery explosion engulfs the blink frog!!
Trog accepts your kill.
The blink frog explodes!
The fiery explosion engulfs you!!
You die...

##........#.....#
#....§§§§☼§§#..#
##....☼§§☼§###.#
#....#§§§§## ##
#....#.#☼§§§§#
....####§§§§§##
..... ##§§☼§§##
..... ##§§§§§#
....# #.@§§§§#
..... ####Fll§☼#§#
S.....##.§F.S.§§☼§#
F.......§§§§§§#☼###
...#.P§§.§§§P####
....##.§§#§§§#
.....§..§§§§#§#
.....§§§§§§☼.§#
.............##


You could see a komodo dragon (inner flame), a cane toad (inner flame), a blink
frog (inner flame, poisoned), a water moccasin (inner flame) and a wyvern (inner
flame, extremely poisoned).

Vanquished Creatures
  Saint Roka (Orc:1)
  Rupert (Lair:3)
  An orc warlord (Orc:2)
  2 ettins (Orc:2)
  A hydra (D:9)
  6 boulder beetles
  Erica (Lair:1)
  9 death yaks
  A hell hog (Volcano)
  11 two-headed ogres
  2 orc high priests
  A skyshark (Lair:4)
  Amaemon (Lair:2)
  Pikel (D:8)
  2 deep elf pyromancers (D:12)
  A necromancer (D:11)
  10 orc knights
  4 orc sorcerers (Orc:2)
  A manticore (D:12)
  3 ugly things
  3 cyclopes
  Maurice (D:12)
  Joseph (D:10)
  A torpor snail (Lair:3)
  6 black mambas
  A gargoyle (D:10)
  10 cane toads
  An orange demon (Lair:2)
  4 rime drakes
  A kobold demonologist (D:12)
  4 unseen horrors (D:12)
  Maggie (D:7)
  6 komodo dragons
  9 trolls
  A tyrant leech (Lair:3)
  3 polar bears
  2 hornets
  3 saltlings (Orc:2)
  16 blink frogs
  Sigmund (D:3)
  8 slime creatures (D:12)
  A shadow (D:9)
  35 yaks
  A spriggan (Lair:4)
  2 basilisks
  A wraith (D:12)
  2 vampires (D:12)
  7 wyverns
  3 steam dragons
  7 vampire mosquitoes
  Menkaure (D:5)
  3 wargs (Orc:1)
  2 nagas (Lair:2)
  2 acid dragons
  10 water moccasins
  2 black bears
  35 orc warriors
  An ice beast (D:6)
  A sky beast (D:7)
  5 ogres
  7 wolves
  11 centaurs
  A phantom (D:4)
  A lemure (D:8)
  3 kobold brigands
  9 bullfrogs
  Blork the orc (D:4)
  2 gnoll sergeants
  15 killer bees
  7 howler monkeys
  A jelly (D:6)
  A hound (D:5)
  18 orc priests
  2 gnoll boudas
  2 sleepcaps
  Ijyb (D:4)
  10 iguanas
  16 orc wizards
  3 polar bear simulacra (D:11)
  4 yak simulacra (D:11)
  7 hell rats (Lair:3)
  3 wolf simulacra (D:11)
  5 gnolls (D:7)
  11 adders
  3 shadow imps
  A white imp (D:6)
  4 worms
  3 dart slugs
  94 orcs
  4 bats
  11 endoplasms
  5 giant cockroaches
  13 goblins
  7 hobgoblins
  2 quokkas (D:1)
  6 ball pythons
  2 frilled lizards
  16 kobolds
  5 rats
  A river rat simulacrum (D:11)
582 creatures vanquished.

Vanquished Creatures (collateral kills)
  Sonja (Lair:2)
  2 ugly things (D:12)
  A komodo dragon (Lair:2)
  A troll (Orc:1)
  3 slime creatures (D:12)
  A yak (D:9)
  A steam dragon (Lair:2)
  A warg (Orc:1)
  An orc warrior (Orc:1)
  An ogre (Orc:1)
  A gnoll sergeant (D:9)
  A wight (D:9)
  A killer bee (D:9)
  An orc priest (Orc:2)
  2 orc wizards (Orc:1)
  An orc (Orc:2)
20 creatures vanquished.

Vanquished Creatures (others)
  2 orc wizards
  A kobold (D:7)
3 creatures vanquished.

Grand Total: 605 creatures vanquished

Notes
Turn   | Place    | Note
-------+----------+-------------------------------------------
     0 | D:1      | MiracleSuffusion the Minotaur Berserker began the quest for
                  | the Orb.
     0 | D:1      | Reached XP level 1. HP: 19/19 MP: 0/0
   219 | D:1      | Reached XP level 2. HP: 23/26 MP: 1/1
   439 | D:1      | Reached skill level 5 in Maces & Flails
   726 | D:2      | Reached XP level 3. HP: 30/31 MP: 2/2
   897 | D:2      | Reached ** piety under Trog
  1141 | D:2      | Found a broken altar of Ashenzari.
  1321 | D:2      | Reached XP level 4. HP: 37/39 MP: 3/3
  1762 | D:3      | Noticed Sigmund
  1771 | D:3      | Killed Sigmund
  1772 | D:3      | Reached XP level 5. HP: 45/45 MP: 4/4
  1977 | D:3      | Reached XP level 6. HP: 48/51 MP: 5/5
  2554 | D:4      | Found a shimmering altar of Xom.
  2554 | D:4      | Noticed a yak
  2566 | D:4      | Found a transporter.
  2575 | D:4      | Found a transporter.
  2836 | D:4      | Noticed Blork the orc
  2846 | D:4      | Killed Blork the orc
  2918 | D:4      | Noticed Ijyb
  2922 | D:4      | Killed Ijyb
  3315 | D:4      | Reached XP level 7. HP: 57/57 MP: 6/6
  3324 | D:4      | Killed a yak
  3325 | D:4      | Reached skill level 10 in Maces & Flails
  3380 | D:5      | Entered Level 5 of the Dungeon
  3796 | D:5      | Noticed Menkaure
  3801 | D:5      | Killed Menkaure
  3802 | D:5      | Reached XP level 8. HP: 64/64 MP: 7/7
  3808 | D:5      | Found a staircase to the Ecumenical Temple.
  4396 | D:6      | Found Egat's Jewellery Shoppe.
  5088 | D:6      | Found a radiant altar of Vehumet.
  5088 | D:6      | Found a hazy altar of Hepliaklqana.
  5226 | D:7      | Reached *** piety under Trog
  5233 | D:7      | Reached XP level 9. HP: 70/70 MP: 8/8
  5348 | D:7      | Noticed Maggie
  5584 | D:7      | Killed Maggie
  5585 | D:7      | Reached skill level 15 in Maces & Flails
  5713 | D:7      | Noticed a two-headed ogre
  5720 | D:7      | Killed a two-headed ogre
  6493 | D:8      | Found a broken altar of Ashenzari.
  6533 | D:8      | Reached XP level 10. HP: 64/77 MP: 9/9
  6993 | D:8      | Noticed Pikel
  7003 | D:8      | Killed Pikel
  7755 | D:9      | Noticed a two-headed ogre
  7773 | D:9      | Killed a two-headed ogre
  8101 | D:9      | Reached skill level 5 in Fighting
  8240 | D:9      | Noticed a two-headed ogre
  8245 | D:9      | Killed a two-headed ogre
  8367 | D:9      | Reached XP level 11. HP: 28/95 MP: 10/10
  8716 | D:9      | Noticed a five-headed hydra
  8722 | D:9      | Killed a five-headed hydra
  8822 | D:10     | Entered Level 10 of the Dungeon
  8831 | D:10     | Found Faobba's Antique Weapon Shoppe.
  8838 | D:10     | Bought a translucent morningstar for 171 gold pieces
  8838 | D:10     | Identified the +4 morningstar "Undertaker" {heavy, Will-
                  | Int+3 Dex+2} (You bought it in a shop on level 10 of the
                  | Dungeon)
  9082 | D:10     | Reached skill level 10 in Fighting
  9168 | D:10     | Found a staircase to the Lair.
  9203 | D:10     | Found an opulent altar of Gozag.
  9204 | D:10     | Noticed Joseph
  9207 | D:10     | Killed Joseph
  9341 | D:10     | Found a glowing golden altar of the Shining One.
 10309 | D:11     | Noticed a green ugly thing
 10315 | D:11     | Killed a green ugly thing
 10412 | D:11     | Noticed a two-headed ogre
 10419 | D:11     | Killed a two-headed ogre
 10496 | D:11     | Found a flickering gateway to a bazaar.
 10628 | D:11     | Noticed a boulder beetle
 10635 | D:11     | Killed a boulder beetle
 10799 | D:11     | Identified the +1 leather armour of Honesty {Rampage rPois
                  | Regen+}
 11018 | D:11     | Noticed a necromancer
 11026 | D:11     | Killed a necromancer
 11385 | D:12     | Noticed a two-headed ogre
 11387 | D:12     | Killed a two-headed ogre
 11515 | D:12     | Reached XP level 12. HP: 42/118 MP: 11/11
 11745 | D:12     | Noticed Maurice
 11772 | D:12     | Killed Maurice
 11778 | D:12     | Reached **** piety under Trog
 11779 | D:12     | Reached skill level 15 in Fighting
 11895 | D:12     | Noticed a boulder beetle
 11910 | D:12     | Killed a boulder beetle
 11918 | D:12     | Noticed a boulder beetle
 12130 | D:12     | Noticed a boulder beetle
 12137 | D:12     | Killed a boulder beetle
 12193 | D:12     | Noticed a two-headed ogre
 12202 | D:12     | Killed a two-headed ogre
 12379 | D:12     | Found a staircase to the Orcish Mines.
 12439 | D:12     | Noticed a two-headed ogre
 12448 | D:12     | Killed a two-headed ogre
 12741 | D:12     | Reached ***** piety under Trog
 12925 | D:12     | Killed a boulder beetle
 13019 | D:12     | Noticed a boulder beetle
 13021 | D:12     | Reached XP level 13. HP: 93/136 MP: 12/12
 13758 | Lair:1   | Entered Level 1 of the Lair of Beasts
 14179 | Lair:1   | Noticed Erica
 14186 | Lair:1   | Killed Erica
 15256 | Lair:2   | Noticed Sonja
 15260 | Lair:2   | Killed Sonja
 15331 | Lair:2   | Noticed Amaemon
 15718 | Lair:2   | Killed Amaemon
 15926 | Lair:2   | Reached skill level 5 in Armour
 16181 | Lair:2   | Found a staircase to the Snake Pit.
 16674 | Lair:3   | Noticed Rupert
 16681 | Lair:3   | Killed Rupert
 16964 | Lair:3   | Found a staircase to the Swamp.
 17771 | Lair:4   | Reached skill level 10 in Armour
 17780 | Lair:4   | Reached XP level 14. HP: 114/149 MP: 13/13
 17932 | Lair:4   | Found a dark tunnel.
 17989 | Volcano  | Entered a volcano
 19125 | Lair:5   | Entered Level 5 of the Lair of Beasts
 19395 | Lair:5   | Found a staircase to the Slime Pits.
 19396 | Lair:5   | Noticed Kirke
 19619 | Orc:1    | Entered Level 1 of the Orcish Mines
 19775 | Orc:2    | Entered Level 2 of the Orcish Mines
 19775 | Orc:2    | Noticed Saint Roka
 20424 | Orc:2    | Received a gift from Trog
 20462 | Orc:2    | Found a staircase to the Elven Halls.
 20636 | Orc:2    | Paralysed by an orc sorcerer for 5 turns
 20802 | Orc:1    | Killed Saint Roka
 21855 | Orc:2    | Noticed an orc warlord
 22193 | Orc:2    | Found Cuilor's Book Shop.
 22614 | Orc:2    | Found Byiczany's Antique Weapon Boutique.
 22616 | Orc:2    | Found Isunuh's Magic Scroll Boutique.
 22886 | Orc:2    | Killed an orc warlord
 23084 | Orc:2    | Found Nuoty's Antique Armour Shoppe.
 23171 | Orc:2    | Reached XP level 15. HP: 156/156 MP: 14/14
 24181 | Lair:5   | Reached skill level 15 in Armour
 24181 | Lair:5   | Reached XP level 16. HP: 165/165 MP: 15/15
 24285 | Lair:5   | Paralysed by a hornet for 3 turns
 24293 | Lair:5   | HP: 8/165 [poisoned by a cane toad]
 24293 | Lair:5   | Killed by an exploding blink frog... ignited by their inner
                  | flame

Illustrated notes

Levels and vault maps discovered:
D:1:      tekkud_arrival_beachfront_property, layout_basic
D:2:      layout_basic, basic_altar
D:3:      minmay_razor_zed, layout_rooms, uniq_sigmund
D:4:      layout_loops_ring, gammafunk_temple_overflow_arena, minmay_puff,
          uniq_blork_the_orc, uniq_ijyb
D:5:      layout_gridville, minmay_temple_entry_wispy,
          minmay_misc_feat_ornament, uniq_menkaure
D:6:      layout_loops_ring, gammafunk_temple_overflow_statue, serial_shops,
          shop, nicolae_elevator_lobby_plus
D:7:      layout_rooms, grunt_ogre_cave, hangedman_decor_opposing, uniq_maggie
D:8:      layout_loops_corners, nicolae_ashenzari_skybound, uniq_pikel
D:9:      minmay_bubble_buster, layout_cave_pools, kennysheep_just_a_vault
D:10:     layout_basic, mainiacjoe_overflow_alcove_1,
          nicolae_tso_swordbearing_angel, lair_entry_dummy, serial_shops, shop,
          uniq_joseph
D:11:     layout_basic, serial_shops, bzr_in_the_mist,
          minmay_stone_trees_medium, library_closet, eino_house_with_fridge
D:12:     minmay_the_grid_square_5x5_3x3 [minmay_the_grid_square_5x5_checkered,
          minmay_the_grid_square_5x5_forky,
          minmay_the_grid_square_5x5_hourglass, minmay_the_grid_square_5x5_tie,
          minmay_the_grid_square_5x5_megaprize_hollow,
          minmay_the_grid_square_5x5_three_walls,
          minmay_the_grid_square_5x5_inverted_slash,
          minmay_the_grid_square_5x5_lines,
          minmay_the_grid_square_5x5_moneybag], layout_gridville,
          hiddenorc2_lemuel, minmay_alternating_orb, uniq_maurice
Lair:1:   layout_misc_corridors, lemuel_fruit_tree, uniq_erica
Lair:2:   layout_long_grid, guppyfry_snake_entry_island, uniq_sonja,
          uniq_amaemon
Lair:3:   beast_lair_carwin_large_1, layout_concentric_octagons,
          minmay_swamp_entry_worms, grunt_megastairs_2, uniq_rupert
Lair:4:   layout_misc_corridors, enter_volcano_4, grunt_forest_stairs_clearing,
          lemuel_fruit_fields
Lair:5:   hangedman_lair_tendril_chambers, layout_layer_cave,
          nicolae_slime_entry_slimehenge, uniq_kirke
Orc:1:    layout_caves
Orc:2:    hellmonk_orc_salted, layout_caves, uniq_saint_roka

Skill      XL: |  1  2  3  4  5  6  7  8  9 10 11 12 13 14 15 |
---------------+----------------------------------------------+-----
Maces & Flails | 4 5 8 9 11 14 17 18 20 | 20.6
Fighting       | 8 14 18 20 | 20.3
Armour         | 10 13 15 | 15.5
Dodging        | |  2.1

Action                     |  1- 3 |  4- 6 |  7- 9 | 10-12 | 13-15 | 16-18 || total
---------------------------+-------+-------+-------+-------+-------+-------++-------
  Melee: Mace              |    32 |       |       |       |       |       ||    32
         Headbutt          |     7 |    15 |    55 |    78 |   105 |     3 ||   263
         Flail             |    38 |    87 |   301 |   136 |       |       ||   562
         Punch             |     1 |       |     2 |     1 |     4 |       ||     8
         Morningstar       |       |       |       |   246 |   486 |       ||   732
         Great mace        |       |       |       |       |    39 |    12 ||    51
  Throw: Stone             |       |       |       |       |     8 |       ||     8
 Invoke: Berserk           |     2 |     6 |     3 |    15 |    12 |       ||    38
         Trog's Hand       |       |     3 |     3 |     5 |    19 |       ||    30
         Brothers in Arms  |       |       |       |     1 |     7 |       ||     8
  Evoke: Wand              |       |       |     2 |     5 |    20 |     1 ||    28
         Box of beasts     |       |       |       |       |       |     1 ||     1
    Use: Scroll            |     4 |     9 |     4 |    20 |    19 |     2 ||    58
         Potion            |       |     1 |     1 |     8 |    13 |     2 ||    25
   Stab: Invisible         |       |       |       |     1 |       |       ||     1
 Armour: Ring mail         |    30 |    30 |    77 |       |       |       ||   137
         Chain mail        |       |       |    79 |    94 |       |       ||   173
         Plate armour      |       |       |       |    80 |   278 |    29 ||   387
  Dodge: Dodged            |    37 |    57 |   107 |   183 |   189 |    19 ||   592
  Block: Other             |       |       |       |    54 |   121 |     2 ||   177
         Reflection        |       |       |       |    17 |     4 |       ||    21
